cohdb
Replays
Latest Replays
All Replays
Popular Replays
Top Player Replays
Match Explorer
How It Works
Community
CoH3 Stats
Reddit
Sign in to upload your games and track your stats! →
Sign in with Steam
Match 45200665
Unlisted
Match 45200665
Overview
Messages
Build Orders
End
Construct Barracks
Engineer Squad
1⁄4-ton 4x4 Truck
Riflemen Squad
Riflemen Squad
Riflemen Squad
Infantry Support Center
Construct Motor Pool
Riflemen Squad
M8 Greyhound Armored Car
Grenade Package
Construct Medical Station
M8 Greyhound Armored Car
M1918 Browning Automatic Rifles
Engineer Squad
Selects Airborne Battlegroup
Selects Heavy Machine Gun Paradrop
Selects Smoke Bombing Run
PayPerPaper
roshawnkne
bobidog101
Dr.Karl
HerrDirektor
Yarito <3
0
0
Comments
sign in to comment!
No comments posted yet!